 Dungeon Crawl Stone Soup version 0.27.1-1-g398f81649c (webtiles) character file.

Game seed: 13466931609385148497

1239 Autumnman the Carver (level 8, -1/74 HPs)
             Began as a Minotaur Berserker on Sept 14, 2021.
             Was an Elder of Trog.
             Slain by an orange demon (3 damage)
             ... summoned by a kobold demonologist
             ... on level 6 of the Dungeon.
             The game lasted 00:09:44 (5900 turns).

Autumnman the Carver (Minotaur Berserker)           Turns: 5900, Time: 00:09:45

Health: -1/74      AC:  8    Str: 24    XL:     8   Next: 25%
Magic:  7/7        EV: 26    Int:  4    God:    Trog [****..]
Gold:   345        SH:  0    Dex: 10    Spells: 7/7 levels left

rFire    + . .     SeeInvis .   a - +0 falchion (drain)
rCold    . . .     Faith    .   (no shield)
rNeg     . . .     Spirit   .   n - +1 ring mail
rPois    +         Reflect  .   (helmet restricted)
rElec    .         Harm     .   (no cloak)
rCorr    .         Rampage  .   h - +0 pair of gloves
Will     .....                  (no boots)
Stlth    ..........             f - amulet of the acrobat
HPRegen  0.22/turn              p - ring of protection from fire
MPRegen  0.10/turn              (no ring)

@: on berserk cooldown, acrobatic, slowed, very slow
A: horns 2, retaliatory headbutt, poison resistance
a: Renounce Religion, Berserk, Trog's Hand, Brothers in Arms


You were on level 6 of the Dungeon.
You worshipped Trog.
Trog was greatly pleased with you.
You visited 1 branch of the dungeon, and saw 6 of its levels.

You collected 345 gold pieces.

Inventory:

Hand Weapons
 a - a +0 falchion of draining (weapon)
 o - a +0 club
Armour
 b - a +0 animal skin
 h - a +0 pair of gloves (worn)
 n - a +1 ring mail (worn)
Jewellery
 f - an amulet of the acrobat (around neck)
 g - a +6 ring of intelligence
 p - a ring of protection from fire (left hand)
Wands
 l - a wand of flame (15)
 q - a wand of iceblast (8)
Scrolls
 c - a scroll of teleportation
 e - 2 scrolls of silence {unknown}
 i - a scroll of enchant armour
 j - 2 scrolls of identify
Potions
 d - 2 potions of might
 k - a potion of berserk rage {unknown}
 m - a potion of resistance {unknown}


   Skills:
 * Level 8.0 Fighting
 + Level 8.9 Long Blades
 + Level 5.1 Armour
 - Level 2.9 Dodging


You had 7 spell levels left.
You didn't know any spells.
Your spell library was empty.

Dungeon Overview and Level Annotations

Branches:
Dungeon (6/15)
 Temple: D:4-7

Altars:
Gozag
Hepliaklqana
Kikubaaqudgha
Uskayaw
Wu Jian
Yredelemnul
The Shining One
Beogh

Shops:
D:2 ?

Annotations:
D:6 1 transporter


Innate Abilities, Weirdness & Mutations

You have a pair of horns on your head.
You reflexively headbutt those who attack you in melee.
Your system is resistant to poisons. (rPois)


Message History

The orc priest looks satisfied for a moment.
The orc priest casts a cantrip, but nothing happens.
The orc priest looks braver for a moment.
You open the door.
The orc priest casts a cantrip, but nothing happens.
The orc priest begins to cast a cantrip, but forgets the words!
The shadow imp spits at you.
The orc priest calls down the wrath of Beogh upon you.
Beogh smites you!
The kobold demonologist casts a spell.
The shadow imp grinds its teeth.
The kobold demonologist casts a spell.
There is an open door here.
The orc priest calls down the wrath of Beogh upon you.
Pain shoots through your body!
* * * LOW HITPOINT WARNING * * *
The shadow imp shouts, "Away with thee, thou loggerheaded shard-borne blabberskite!"
The orc priest invokes the aid of Beogh against you.
You struggle to resist.
You see here 16 arrows.
The orc priest mumbles some strange prayers to Beogh against you.
Pain shoots through your body!
* * * LOW HITPOINT WARNING * * *
You see here 18 gold pieces.
There is a transporter here.
The orange demon misses you. The orange demon completely misses you.
You see here 17 gold pieces.
The orange demon misses you. You furiously retaliate!
You headbutt the orange demon. The orange demon misses you.
You see here a +0 scale mail.
The orange demon stings you from afar.
* * * LOW HITPOINT WARNING * * *
The orange demon barely misses you.
You see here 17 gold pieces.
You now have 345 gold pieces (gained 17).
The shadow imp disappears in a puff of smoke!
The orange demon stings you from afar.
* * * LOW HITPOINT WARNING * * *
The orange demon completely misses you. The orange demon stings you from afar.
You die...

####.....# #.# #.......# #.# #
#.....###.# #.......#####.## #
#.....'...# #............... #
#.....##### ###.#+#.......#.## #
#.....# ##...#......##.#.## #
#.....######................##
######...##.....©.....#.#..#.#...
.#..8######.#########.#.#..#.##.#
...._# #.#8P$@.P8#.#.####.##.#
.#..8# #.#≈.(.[.≈#.#.# #.##.#
###### #.####4####.#.# #.#... #
#.#o≈...≈K#.#.####.#### #
#.#o≈...≈o#.#.......... #######
#.#5≈P≈≈≈4#.#######.##.
##....#####.#.≈P♣≈≈5#.# #.##.
##.##.##..#.#.≈≈≈≈≈o#.# ###....
##.##.##..#.#.≈...≈.#.#####....#.


You could see an orange demon (summoned), a kobold demonologist, a chaos spawn
(summoned), 4 orc priests and 2 shadow imps.

Vanquished Creatures
  Grinder (D:6)
  A centaur (D:5)
  A phantom (D:4)
  2 kobold brigands (D:6)
  A bullfrog (D:6)
  A scorpion (D:6)
  A water moccasin zombie (D:6)
  A water moccasin skeleton (D:5)
  3 hounds
  An orc priest (D:3)
  A centaur skeleton (D:5)
  An iguana (D:3)
  An orc wizard (D:4)
  A killer bee zombie (D:5)
  3 hound skeletons (D:4)
  Robin (D:3)
  8 adders
  A white imp (D:6)
  An ufetubus (D:6)
  A worm (D:3)
  4 dart slugs
  18 orcs
  9 ball pythons
  8 endoplasms
  8 giant cockroaches
  9 hobgoblins
  14 jackals
  6 quokkas
  A bat (D:1)
  3 frilled lizards
  17 goblins
  11 kobolds
  6 rats (D:3)
146 creatures vanquished.

Vanquished Creatures (others)
  4 toadstools (D:2)
4 creatures vanquished.

Grand Total: 150 creatures vanquished

Notes
Turn   | Place    | Note
-------+----------+-------------------------------------------
     0 | D:1      | Autumnman the Minotaur Berserker began the quest for the
                  | Orb.
     0 | D:1      | Reached XP level 1. HP: 19/19 MP: 0/0
    95 | D:1      | Reached XP level 2. HP: 13/27 MP: 1/1
   775 | D:1      | Reached XP level 3. HP: 33/33 MP: 2/2
   839 | D:2      | Found Voda Xew's Magic Scroll Shoppe.
   914 | D:2      | Found an ornate altar of the Wu Jian Council.
  1091 | D:2      | Found a faded altar of an unknown god.
  1342 | D:2      | Reached ** piety under Trog
  1859 | D:3      | Reached skill level 5 in Long Blades
  1859 | D:3      | Reached XP level 4. HP: 40/41 MP: 3/3
  2067 | D:3      | Noticed Robin
  2080 | D:3      | Reached XP level 5. HP: 47/47 MP: 4/4
  2096 | D:3      | Killed Robin
  2289 | D:3      | Found a glowing drain.
  2658 | D:3      | Reached *** piety under Trog
  2851 | D:3      | Reached skill level 5 in Fighting
  3220 | D:4      | Noticed a phantom
  3231 | D:4      | Killed a phantom
  3232 | D:4      | Reached XP level 6. HP: 50/56 MP: 5/5
  3284 | D:4      | Gained mutation: Your system is resistant to poisons.
                  | (rPois) [potion of mutation]
  3399 | D:4      | Noticed a +0 dagger
  3399 | D:4      | Noticed a +0 hand axe
  3417 | D:4      | Found a hide-covered altar of Uskayaw.
  3490 | D:4      | Found an ornate altar of the Wu Jian Council.
  3498 | D:4      | Found an ancient bone altar of Kikubaaqudgha.
  3589 | D:4      | Found a hazy altar of Hepliaklqana.
  3785 | D:5      | Entered Level 5 of the Dungeon
  3857 | D:5      | Found a glowing golden altar of the Shining One.
  3878 | D:5      | Reached XP level 7. HP: 64/64 MP: 6/6
  3992 | D:5      | Reached **** piety under Trog
  4401 | D:5      | Found a basalt altar of Yredelemnul.
  4877 | D:6      | Found a transporter.
  4918 | D:6      | Found a transporter.
  4927 | D:6      | Noticed a kobold demonologist
  5051 | D:6      | Found an opulent altar of Gozag.
  5093 | D:6      | Noticed Grinder
  5118 | D:6      | Killed Grinder
  5119 | D:6      | Reached XP level 8. HP: 9/74 MP: 7/7
  5464 | D:6      | Reached skill level 5 in Armour
  5892 | D:6      | Noticed an orange demon
  5899 | D:6      | HP: 2/74 [orange demon[a kobold demonologist] (5)]
  5900 | D:6      | Slain by an orange demon

Illustrated notes

Levels and vault maps discovered:
D:1:      minmay_arrival_cross, layout_rooms, bh_walls_and_bars
D:2:      layout_loops_cross, serial_shops, nicolae_diamond_shop, basic_altar,
          hellmonk_ecumenical_altar_defaced_shrine, grunt_decor_fettered,
          minmay_gold_behind_fungi, kennysheep_generic_room_2
D:3:      minmay_diamond_boxcup, layout_basic, gup_sewer_entry_pipe,
          minmay_misc_feat_secret_circle, uniq_robin
D:4:      layout_cave_pools, mainiacjoe_overflow_alcove_2,
          dancing_weapons_uskayaw, mainiacjoe_overflow_large_starburst
D:5:      layout_basic, mainiacjoe_overflow_brackets,
          lemuel_coloured_pillars_altar, corexii_leaking_fountain
D:6:      gammafunk_wand_slinger, layout_basic, grunt_gozag_breadcrumbs,
          uniq_grinder

Skill      XL: |  1  2  3  4  5  6  7  8 |
---------------+-------------------------+-----
Long Blades    | 4 5 6 7 8 |  8.9
Fighting       | 4 5 6 7 8 |  8.0
Armour         | 3 4 5 |  5.1
Dodging        | |  2.9

Action                   |  1- 3 |  4- 6 |  7- 9 || total
-------------------------+-------+-------+-------++-------
Melee: Falchion          |    74 |   149 |    88 ||   311
       Headbutt          |    17 |    25 |    21 ||    63
Invok: Berserk           |     1 |     2 |     1 ||     4
  Use: Scroll            |       |     8 |     2 ||    10
       Potion            |       |     8 |       ||     8
 Stab: Sleeping          |     1 |       |       ||     1
Armor: Animal skin       |    10 |       |       ||    10
       Ring mail         |     1 |    41 |    30 ||    72
Dodge: Dodged            |    42 |    81 |    47 ||   170
       Rpst.: Falchion   |    12 |    13 |    10 ||    35
